Map: Echo LE (Void)

Players

Nerchio

  • Race: Zerg Zerg
  • League: Grandmaster
  • Spawn Location: 11:00

lIIllllIIlll (INnoVation) - Winner!

  • Race: Terran Terran
  • League: Diamond
  • Spawn Location: 5:00

Event: NationWars IV

VOD

Have the link to the VOD?

Description

Time

  • Played on: Jan. 21, 2017, 6:20 p.m.
  • Length: 10:16

All games in this series

Show
View Real Time Build Order
Export as new Build Order

Nerchio Zerg 

Build Orders: Pool First 

Get SALT Encoding   

  12  0:00  Drone  
  13  0:13  Overlord  
  13  0:17  Drone  
  14  0:31  Drone x2  
  14  0:35  Drone  
  17  0:40  Extractor  
  16  0:45  Drone  
  17  0:50  Spawning Pool  
  17  0:56  Drone  
  17  1:17  Hatchery  
  16  1:20  Drone  
  16  1:23  Drone  
  18  1:38  Zergling x2, Roach Warren  
  18  1:49  Queen  
  18  1:54  Drone  
  21  2:00  Overlord  
  21  2:20  Roach x2  
  21  2:22  Roach  
  29  2:30  Roach  
  29  2:34  Roach  
  29  2:36  Queen  
  33  2:43  Overlord  
  33  2:46  Drone  
  34  2:53  Drone  
  36  2:58  Drone  
  36  3:02  Drone x2  
  38  3:08  Drone  
  39  3:15  Ravager x3  
  39  3:16  Drone x2  
  43  3:21  Overlord  
  43  3:24  Drone  
  44  3:29  Overlord  
  44  3:39  Overlord  
  44  3:40  Drone x2  
  46  3:46  Drone x2  
  46  3:47  Drone  
  47  3:51  Drone x2  
  49  4:06  Drone, Hatchery  
  49  4:08  Drone  
  50  4:12  Drone x2  
  50  4:15  Drone x2  
  54  4:17  Drone  
  54  4:22  Metabolic Boost  
  54  4:23  Drone  
  56  4:28  Roach x2  
  60  4:32  Overlord  
  60  4:36  Zergling x4  
  60  4:38  Extractor  
  61  4:43  Ravager, Drone x2  
  64  4:46  Overlord, Evolution Chamber  
  63  4:53  Drone x3  
  63  4:57  Drone x2  
  68  5:00  Queen  
  68  5:05  Overlord  
  68  5:06  Drone  
  68  5:07  Drone x3  
  72  5:12  Extractor  
  73  5:16  Queen  
  76  5:21  Zergling x4  
  77  5:31  Zergling x2  
  77  5:35  Roach x5  
  82  5:45  Drone x3  
  82  5:46  Drone x3  
  88  5:50  Lair  
  88  5:54  Zergling x2  
  87  5:59  Zergling x2  
  81  6:05  Zergling x2, Ravager  
  81  6:07  Drone  
  80  6:16  Evolution Chamber  
  80  6:18  Extractor, Spore Crawler  
  77  6:19  Drone x5  
  77  6:21  Hatchery  
  77  6:22  Zerg Ground Armor Level 1  
  77  6:23  Drone x3  
  84  6:27  Drone  
  85  6:32  Queen  
  85  6:34  Spore Crawler  
  85  6:36  Roach  
  85  6:38  Overlord  
  88  6:40  Overlord  
  88  6:49  Glial Reconstitution  
  88  6:50  Zerg Missile Weapons Level 1  
  88  6:53  Overlord  
  88  6:54  Overlord  
  88  6:59  Roach  
  88  7:00  Roach x2  
  94  7:03  Roach  
  94  7:04  Roach  
  94  7:08  Roach  
  100  7:14  Roach  
  100  7:15  Roach  
  104  7:18  Roach  
  105  7:23  Roach x2  
  105  7:24  Roach  
  105  7:25  Roach  
  113  7:31  Roach  
  113  7:33  Roach  
  113  7:36  Roach  
  105  7:39  Roach  
  90  7:44  Roach  
  90  7:47  Roach x2  
  90  7:49  Queen x2  
  90  7:50  Zergling x2  
  90  7:51  Zergling x2  
  95  7:52  Zergling x2  
  95  7:55  Drone  
  95  7:56  Drone x2  
  93  7:59  Drone  
  93  8:00  Drone  
  93  8:04  Drone x2  
  93  8:12  Queen  
  93  8:15  Drone x2  
  93  8:17  Drone  
  96  8:23  Drone x2  
  96  8:26  Drone  
  99  8:33  Drone x2, Infestation Pit  
  97  8:34  Extractor  
  97  8:35  Queen  
  97  8:36  Extractor  
  97  8:37  Drone  
  98  8:41  Burrow  
  98  8:42  Drone  
  98  8:44  Overlord  
  99  8:48  Drone  
  99  8:52  Drone x3  
  99  8:53  Drone  
  104  8:56  Overlord  
  104  9:10  Infestor x3  
  104  9:13  Hatchery  
  104  9:15  Roach  
  104  9:16  Roach  
  113  9:17  Roach  
  113  9:19  Roach  
  113  9:21  Roach  
  113  9:23  Roach  
  119  9:26  Roach x2  
  119  9:28  Roach  
  119  9:31  Roach  
  125  9:32  Roach  
  125  9:35  Ravager x3  
  125  9:36  Roach  
  132  9:39  Zergling x2  
  132  9:40  Zergling x4  
  132  9:45  Roach  
  137  9:46  Zergling x2  
  138  9:54  Overlord  
Show
View Real Time Build Order
Export as new Build Order

lIIllllIIlll Terran - Winner!

Build Orders: Reaper Expand, MMM Bio 

Get SALT Encoding   

  12  0:00  SCV  
  13  0:13  SCV  
  14  0:16  Supply Depot  
  14  0:25  SCV  
  15  0:38  SCV  
  15  0:40  Barracks  
  16  0:43  Refinery  
  16  0:50  SCV  
  17  1:02  SCV  
  18  1:14  SCV  
  19  1:27  Orbital Command, Reaper  
  20  1:38  Command Center  
  20  1:49  Barracks  
  20  1:53  SCV  
  21  2:00  Barracks Reactor  
  21  2:05  SCV  
  22  2:10  Supply Depot  
  22  2:13  Refinery  
  22  2:17  SCV  
  22  2:22  Factory  
  23  2:31  SCV  
  23  2:36  Marine x2, Barracks Tech Lab  
  26  2:43  SCV  
  27  2:50  Orbital Command  
  27  2:57  Marauder  
  29  2:59  Marine, Bunker  
  29  3:00  Marine  
  31  3:06  Stimpack  
  31  3:18  Marauder, Marine x2  
  35  3:27  Starport  
  34  3:36  Factory Reactor  
  34  3:39  Marauder, Orbital Command, Marine x2  
  34  3:40  SCV  
  39  3:55  SCV  
  40  3:56  Supply Depot  
  40  3:59  Marine x2  
  40  4:05  SCV  
  40  4:07  SCV  
  42  4:18  Medivac x2  
  42  4:20  Marine x3  
  42  4:21  Supply Depot  
  42  4:24  SCV x2  
  51  4:36  SCV x2  
  51  4:38  Marine x2  
  54  4:42  Marine  
  54  4:43  Supply Depot  
  55  4:48  SCV x2  
  55  4:51  Engineering Bay  
  57  4:53  Engineering Bay  
  57  4:58  Marine x2  
  59  5:00  Marine  
  59  5:02  SCV x2  
  59  5:06  Supply Depot  
  62  5:08  Combat Shields  
  62  5:17  SCV x2  
  62  5:19  Marine  
  62  5:20  Marine x2  
  65  5:28  Terran Infantry Weapons Level 1, Terran Infantry Armor Level 1  
  65  5:29  SCV x2  
  65  5:33  Supply Depot  
  67  5:37  Marine x2  
  67  5:38  Marine  
  69  5:45  SCV x2  
  69  5:48  Medivac x2  
  75  5:55  Marine x3  
  78  5:57  SCV x2  
  78  5:58  Factory Tech Lab  
  78  6:00  Supply Depot  
  77  6:11  SCV x2  
  73  6:13  Command Center  
  73  6:14  Marine x3  
  73  6:17  Siege Tank  
  79  6:25  SCV x2, Refinery  
  81  6:26  Refinery  
  81  6:32  Marine x3  
  83  6:38  Armory, SCV x2  
  86  6:40  Barracks  
  86  6:50  Marine x3  
  86  6:51  SCV  
  86  6:52  SCV  
  94  6:54  Siege Tank  
  94  6:55  Supply Depot  
  94  7:05  Barracks  
  94  7:08  Barracks  
  94  7:16  SCV, Marine x3, Medivac x2  
  94  7:17  Supply Depot  
  102  7:24  SCV  
  102  7:25  Orbital Command  
  102  7:29  Barracks Reactor  
  103  7:36  Marine x3  
  98  7:39  SCV x2  
  98  7:41  Terran Infantry Weapons Level 2  
  96  7:48  Terran Infantry Armor Level 2  
  93  7:57  SCV x2  
  93  7:58  Marine x2, Barracks Reactor x2  
  94  7:59  Marine  
  94  8:09  SCV x2  
  96  8:15  Orbital Command  
  96  8:17  Marine x3, Siege Tank  
  102  8:20  Supply Depot  
  102  8:21  SCV x2  
  104  8:31  Marine x2  
  104  8:33  Medivac  
  104  8:34  Medivac  
  110  8:35  Marine x3  
  110  8:36  Marine x4  
  110  8:41  Refinery  
  117  8:43  Refinery  
  117  8:45  SCV x2  
  117  8:46  SCV  
  120  8:49  Siege Tank  
  120  8:53  Marine  
  120  8:54  Marauder, Marine x4  
  130  8:59  Concussive Shells, Marine x3  
  133  9:06  Supply Depot  
  133  9:07  Supply Depot  
  133  9:09  Medivac x2  
  137  9:10  Marine  
  137  9:12  Marine, Factory  
  136  9:17  Marine  
  136  9:18  Marauder, Marine x2  
  141  9:26  Marine, SCV x2  
  141  9:28  Marine x3, SCV, Siege Tank  
  148  9:31  Marine  
  148  9:35  Marine x2  
  148  9:36  Marine  
  152  9:38  Supply Depot x2  
  152  9:39  Marauder  
  152  9:42  Medivac  
  152  9:44  Marine  
  157  9:50  Supply Depot x2  
  157  9:53  Marine  
  156  10:05  Factory Tech Lab  
Tags
 
Add a new tag
Caveats
  • Supply blocks, unpowered buildings, or Contaminate may cause inaccurate times.
  • Supply counts are checked every 10 seconds.